 Dungeon Crawl Stone Soup version 0.29.1-2-gbd0b4ee654 (webtiles) character file.

Game seed: 10108303523783087932

166 whiskeysaurus the Insei (level 5, -2/34 HPs)
             Began as an Octopode Transmuter on Nov 17, 2022.
             Slain by a hobgoblin (5 damage)
             ... on level 4 of the Dungeon.
             The game lasted 00:06:03 (3554 turns).

whiskeysaurus the Insei (Octopode Transmuter)       Turns: 3554, Time: 00:06:03

Health: -2/34      AC:  1    Str: 12    XL:     5   Next: 47%
Magic:  9/9        EV: 13    Int: 15    God:
Gold:   124        SH:  0    Dex: 12    Spells: 8/9 levels left

rFire   . . .      SeeInvis .     - Unarmed
rCold   . . .      Faith    .   (no shield)
rNeg    + . .      Spirit   .   (helmet restricted)
rPois   .          Reflect  .   (no amulet)
rElec   .          Harm     .   b - ring of positive energy
rCorr   .          Rampage  .   (no ring)
Will    .....                   (no ring)
Stlth   ++........              (no ring)
HPRegen 0.11/turn               (no ring)
MPRegen 0.11/turn               (no ring)
                                (no ring)
                                (no ring)

@: studying Axes
A: almost no armour, amphibious, 8 rings, camouflage 1, gelatinous body 1,
(nimble swimmer 1), tentacles
a: no special abilities


You were on level 4 of the Dungeon.
You visited 1 branch of the dungeon, and saw 4 of its levels.

You collected 124 gold pieces.

Inventory:

Jewellery
 b - a ring of positive energy (left tentacle)
Wands
 f - a wand of flame (21)
Scrolls
 d - 3 scrolls of poison
 g - a scroll of identify {unknown}
 i - a scroll of fear {unknown}
 j - a scroll of amnesia
 l - a scroll of fog {unknown}
 m - a scroll of enchant armour {unknown}
 n - a scroll of immolation {unknown}
Potions
 a - 2 potions of lignification
 c - 2 potions of heal wounds {unknown}
 e - a potion of might {unknown}
 h - a potion of flight {unknown}
 k - a potion of brilliance {unknown}


   Skills:
 + Level 2.0 Fighting
 + Level 2.8 Dodging
 * Level 4.2 Unarmed Combat
 + Level 2.6 Spellcasting
 + Level 2.9 Transmutations


You had 8 spell levels left.
You knew the following spells:

 Your Spells              Type           Power      Damage    Failure   Level
a - Beastly Appendage     Tmut           20%        N/A       6%          1

Your spell library contained the following spells:

 Spells                   Type           Power      Damage    Failure   Level
 Wereblood                Tmut           10%        N/A       10%         2
 Slow                     Hex            8%         N/A       21%         1
 Spider Form              Tmut/Pois      6%         N/A       34%         3
 Confusing Touch          Hex            2%         N/A       52%         3
 Gell's Gravitas          Tloc           2%         N/A       52%         3
 Lesser Beckoning         Tloc           2%         N/A       52%         3
 Teleport Other           Tloc           2%         N/A       52%         3
 Vampiric Draining        Necr           2%         2d6       52%         3
 Ice Form                 Ice/Tmut       6%         N/A       75%         4
 Summon Lightning Spire   Summ/Air       2%         N/A       90%         4
 Storm Form               Tmut/Air       3%         N/A       100%        7
 Maxwell's Capacitive Co  Air            1%         ∞         100%        8


Dungeon Overview and Level Annotations

Branches:
Dungeon (4/15)
 Temple: D:4-7

Altars:
Ru

Annotations:
D:4 Menkaure


Innate Abilities, Weirdness & Mutations

You cannot wear most types of armour.
You are amphibious.
You can wear up to eight rings at the same time.
Your skin changes colour to match your surroundings (Stealth+).
Your rubbery body absorbs attacks. (AC +1, EV +1)
((You are camouflaged when in or above water. (Stealth+)))
You have tentacles for arms and can constrict up to eight enemies at once.


Message History

Menkaure and a hobgoblin come into view.
Menkaure shouts!
Menkaure moves out of view.
A hobgoblin is nearby!
Found a pair of gloves.
Menkaure gestures at you while chanting.
Pain shoots through your body! The hobgoblin hits you.
There is an open door here.
You tentacle-slap the hobgoblin but do no damage.
Your grab misses the hobgoblin. The hobgoblin misses you.
Menkaure sighs a few words.
Menkaure calls on the powers of darkness!
The hobgoblin convulses!
Your body is wracked with pain!
Press: ? - help, v - describe, . - travel
Here: Menkaure The floor.
Okay, then.
Okay, then.
The hobgoblin attacks as you move away! The hobgoblin hits you.
You see here 2 stones.
The hobgoblin attacks as you move away! The hobgoblin hits you.
The hobgoblin attacks as you move away! The hobgoblin hits you.
Menkaure's bandages flutter.
Menkaure casts a spell.
Menkaure seems to speed up.
There are no items here.
The hobgoblin attacks as you move away! The hobgoblin barely misses you.
A hobgoblin comes into view.
The hobgoblin attacks as you move away! The hobgoblin hits you.
* * * LOW HITPOINT WARNING * * *
Found a stone staircase leading up.
The hobgoblin attacks as you move away! The hobgoblin hits you.
* * * LOW HITPOINT WARNING * * *
The hobgoblin barely misses you. The hobgoblin attacks as you move away!
The hobgoblin hits you.
* * * LOW HITPOINT WARNING * * *
The hobgoblin barely misses you. The hobgoblin attacks as you move away!
The hobgoblin hits you.
You die...

#.#
#...##.#
#..[# #.#
#.#.##.#
#'## #.#
#.#.##.# .#
#.#
#.#.##.# #
#.#
#......#
#.#
###.#####
..#
#.....###..
###
###gg....#
#@#.##.#
#.# # #.#
#<# #.. ###


You could see 2 hobgoblins.

Vanquished Creatures
  An orc wizard (D:2)
  A gnoll (D:1)
  7 adders
  A worm (D:2)
  6 ball pythons
  9 bats
  7 endoplasms
  2 giant cockroaches (D:2)
  5 goblins
  7 hobgoblins
  3 jackals (D:1)
  A quokka (D:1)
  2 frilled lizards
  8 kobolds
  5 rats
65 creatures vanquished.

Vanquished Creatures (others)
  2 plants (D:3)
2 creatures vanquished.

Grand Total: 67 creatures vanquished

Notes
Turn   | Place    | Note
-------+----------+-------------------------------------------
     0 | D:1      | whiskeysaurus the Octopode Transmuter began the quest for
                  | the Orb.
     0 | D:1      | Reached XP level 1. HP: 13/13 MP: 3/3
   552 | D:1      | Reached XP level 2. HP: 6/18 MP: 3/5
   754 | D:1      | Found a faded altar of an unknown god.
  1125 | D:1      | Reached XP level 3. HP: 23/23 MP: 4/6
  2103 | D:2      | Reached XP level 4. HP: 24/29 MP: 5/7
  2447 | D:2      | Reached skill level 4 in Unarmed Combat
  2447 | D:2      | Reached XP level 5. HP: 21/34 MP: 8/8
  3353 | D:4      | Found a sacrificial altar of Ru.
  3536 | D:4      | Noticed Menkaure
  3554 | D:4      | Slain by a hobgoblin

Illustrated notes

Levels and vault maps discovered:
D:1:      dpeg_arrival_circle_labyrinth_c, layout_basic, serial_forest,
          infiniplex_forest_clump_small, infiniplex_forest_lined_room_,
          infiniplex_forest_end_3, infiniplex_forest_straight_3,
          infiniplex_forest_end_1, hellmonk_ecumenical_altar_leap_of_faith
D:2:      layout_basic, minmay_nonomino_d4
D:3:      layout_loops_ring, ashenzari_altar_1,
          nicolae_hepliaklqana_ecumenical_no_more
D:4:      minmay_chambers_of_fours, layout_loops_corners, kennysheep_mini_moat,
          general_overflow_altar, chequers_serial_rivers_micro_b, uniq_menkaure

Skill      XL: |  1  2  3  4  5 |
---------------+----------------+-----
Unarmed Combat | 4 |  4.2
Fighting       | 2 |  2.0
Dodging        | |  2.8
Spellcasting   | |  2.6
Transmutations | |  2.9

Action                   |  1- 3 |  4- 6 || total
-------------------------+-------+-------++-------
Melee: Unarmed           |    76 |    67 ||   143
       Constrict         |    16 |    19 ||    35
       Tentacles         |    12 |    12 ||    24
       Punch             |     1 |     3 ||     4
       Kick              |     7 |     7 ||    14
 Cast: Beastly Appendage |     5 |     2 ||     7
  Use: Scroll            |       |     2 ||     2
 Stab: Sleeping          |     4 |     3 ||     7
       Distracted        |       |     1 ||     1
Armor: Skin              |     8 |     9 ||    17
Dodge: Dodged            |    46 |    53 ||    99
